Workbook
Name _authorName: Начална!$B$26
Name _consolidation: Nomenklaturi!$A$1:$A$2
Name _endDate: Начална!$B$10
Name _pdeReportingDate: Начална!$B$11
Name _pdeTypeList: Nomenklaturi!$A$5:$A$9
Name _secType: Nomenklaturi!$A$11:$A$13
Name authorName: Начална!$AA$3
Name authorPosition: Начална!$B$27
Name endDate: Начална!$AA$1
Name pdeBulstat: Начална!$B$16
Name pdeEmail: Начална!$B$23
Name pdeFax: Начална!$B$22
Name pdeLegalPower: Начална!$B$18
Name pdeManager: Начална!$B$17
Name pdeMediaWeb: Начална!$B$25
Name pdeName: Начална!$B$14
Name pdeOfficialAddress: Начална!$B$19
Name pdePhone: Начална!$B$21
Name pdePostAddress: Начална!$B$20
Name pdeReportingDate: Начална!$AA$2
Name pdeType: Начална!$B$15
Name pdeWeb: Начална!$B$24
Name reportConsolidation: Начална!$A$3
Name startDate: Начална!$B$9

Sheet Начална
A1: СПРАВКИ | Z1: 1 | AA1: =IF(ISBLANK(_endDate),"",_endDate) -> 46295
A2: уведомления - първо, трето и четвърто тримесечие | Z2: 2 | AA2: =IF(ISBLANK(_pdeReportingDate),"",_pdeReportingDate) -> 46323
A3: на индивидуална основа | Z3: 3 | AA3: =IF(ISBLANK(_authorName),"",_authorName) -> Николай Георгиев Николов
A4: по чл. 14 от Наредба № 2
A5: за публични дружества, други емитенти на ценни книжа, акционерни дружества със специална инвестиционна цел
A8: Данни за отчетния период
A9: Начална дата: | B9: 46023
A10: Крайна дата: | B10: 46295
A11: Дата на съставяне: | B11: 46323
A13: Данни за лицето
A14: Наименование на лицето: | B14: Индустриален капитал - Холдинг АД
A15: Тип лице: | B15: Публично дружество
A16: ЕИК: | B16: 121619055
A17: Представляващ/и: | B17: Профи' Т ООД чрез Димитър Тановски и Манг ООД чрез Милко Ангелов
A18: Начин на представляване: | B18: Заедно
A19: Адрес на управление: | B19: гр. София 1000, район р-н Оборище, ул. БАЧО КИРО No 8
A20: Адрес за кореспонденция: | B20: гр. София 1000, район р-н Оборище, ул. БАЧО КИРО No 8
A21: Телефон: | B21: (02) 980 26 48; 359 2 980 34 38;
A22: Факс:
A23: E-mail: | B23: office@hika-bg.com
A24: Уеб сайт: | B24: https://hika-bg.com/
A25: Медия: | B25: www.x3news.com
A26: Съставител на отчета: | B26: Николай Георгиев Николов
A27: Длъжност на съставителя: | B27: Финансов директор
A28: Версия на шаблона: | B28: 1.0
A30: * Последна актуализация месец април 2026 г.

Sheet 1-Баланс
A1: СЧЕТОВОДЕН БАЛАНС
A2: =CONCATENATE("(",LOWER(reportConsolidation),")") -> (на индивидуална основа)
A4: =CONCATENATE("на ",UPPER(pdeName)) -> на ИНДУСТРИАЛЕН КАПИТАЛ - ХОЛДИНГ АД
A5: =CONCATENATE("ЕИК по БУЛСТАТ: ", pdeBulstat) -> ЕИК по БУЛСТАТ: 121619055
A6: =CONCATENATE("към ",TEXT(endDate,"dd.mm.yyyy")," г.") -> към 30.09.2026 г.
H7: (в хил.евро)
A8: АКТИВИ | B8: Код на реда | C8: Текущ период | D8: Предходен период | E8: СОБСТВЕН КАПИТАЛ, МАЛЦИНСТВЕНО УЧАСТИЕ И ПАСИВИ | F8: Код на реда | G8: Текущ период | H8: Предходен период
A9: а | B9: б | C9: 1 | D9: 2 | E9: а | F9: б | G9: 1 | H9: 2
A10: А. НЕТЕКУЩИ АКТИВИ | E10: А. СОБСТВЕН КАПИТАЛ
A11: I. Имоти, машини, съоръжения и оборудване | E11: I. Основен капитал
A12: 1. Земи (терени ) | B12: 1-0011 | E12: Записан и внесен капитал т.ч.: | F12: 1-0411 | G12: 8091 | H12: 8112
A13: 2. Сгради и конструкции | B13: 1-0012 | E13: обикновени акции | F13: 1-0411-1
A14: 3. Машини и оборудване | B14: 1-0013 | E14: привилегировани акции | F14: 1-0411-2
A15: 4. Съоръжения | B15: 1-0014 | E15: Изкупени собствени обикновени акции | F15: 1-0417 | G15: -97 | H15: -97
A16: 5. Транспортни средства | B16: 1-0015 | E16: Изкупени собствени привилегировани акции | F16: 1-0417-1
A17: 6. Стопански инвентар | B17: 1-0017-1 | E17: Невнесен капитал | F17: 1-0416
A18: 7. Разходи за придобиване и ликвидация на дълготрайни материални активи | B18: 1-0018 | E18: Общо за група І: | F18: 1-0410 | G18: =G12+G15+G16+G17 -> 7994 | H18: =H12+H15+H16+H17 -> 8015
A19: 8. Други | B19: 1-0017 | C19: 14 | D19: 10 | E19: II. Резерви
A20: Общо за група I: | B20: 1-0010 | C20: =SUM(C12:C19) -> 14 | D20: =SUM(D12:D19) -> 10 | E20: 1. Премийни резерви при емитиране на ценни книжа | F20: 1-0421 | G20: =H20 -> 218 | H20: 218
A21: II. Инвестиционни имоти | B21: 1-0041 | E21: 2. Резерв от последващи оценки на активите и пасивите | F21: 1-0422 | G21: =H21 -> -600 | H21: -600
A22: III. Биологични активи | B22: 1-0016 | E22: 3. Целеви резерви, в т.ч.: | F22: 1-0423 | G22: =SUM(G23:G25) -> 811 | H22: =SUM(H23:H25) -> 811
A23: IV. Нематериални активи | E23: общи резерви | F23: 1-0424 | G23: =H23 -> 811 | H23: 811
A24: 1. Права върху собственост | B24: 1-0021 | E24: специализирани резерви | F24: 1-0425
A25: 2. Програмни продукти | B25: 1-0022 | E25: други резерви | F25: 1-0426
A26: 3. Продукти от развойна дейност | B26: 1-0023 | E26: Общо за група II: | F26: 1-0420 | G26: =G20+G21+G22 -> 429 | H26: =H20+H21+H22 -> 429
A27: 4. Други | B27: 1-0024 | E27: III. Финансов резултат
A28: Общо за група IV: | B28: 1-0020 | C28: =SUM(C24:C27) -> 0 | D28: =SUM(D24:D27) -> 0 | E28: 1. Натрупана печалба (загуба) в т.ч.: | F28: 1-0451 | G28: =SUM(G29:G31) -> 5922 | H28: =SUM(H29:H31) -> 5674
E29: неразпределена печалба | F29: 1-0452 | G29: 5927 | H29: 5679
A30: V. Търговска репутация | E30: непокрита загуба | F30: 1-0453 | G30: =H30 -> -5 | H30: -5
A31: 1. Положителна репутация | B31: 1-0051 | E31: еднократен ефект от промени в счетоводната политика | F31: 1-0451-1
A32: 2. Отрицателна репутация | B32: 1-0052 | E32: 2. Текуща печалба | F32: 1-0454 | G32: 1774 | H32: 1056
A33: Общо за група V: | B33: 1-0050 | C33: =C31+C32 -> 0 | D33: =D31+D32 -> 0 | E33: 3. Текуща загуба | F33: 1-0455
A34: VI. Финансови активи | E34: Общо за група III: | F34: 1-0450 | G34: =G28+G32+G33 -> 7696 | H34: =H28+H32+H33 -> 6730
A35: 1. Инвестиции в: | B35: 1-0031 | C35: =SUM(C36:C39) -> 7494 | D35: =SUM(D36:D39) -> 7494
A36: дъщерни предприятия | B36: 1-0032 | C36: =D36 -> 1940 | D36: 1940
A37: смесени предприятия | B37: 1-0033 | E37: ОБЩО ЗА РАЗДЕЛ "А" (I+II+III): | F37: 1-0400 | G37: =G26+G18+G34 -> 16119 | H37: =H26+H18+H34 -> 15174
A38: асоциирани предприятия | B38: 1-0034 | C38: =D38 -> 5380 | D38: 5380
A39: други предприятия | B39: 1-0035 | C39: =D39 -> 174 | D39: 174
A40: 2. Държани до настъпване на падеж | B40: 1-0042 | C40: =C41+C42+C44 -> 712 | D40: =D41+D42+D44 -> 0 | E40: Б. МАЛЦИНСТВЕНО УЧАСТИЕ | F40: 1-0400-1
A41: държавни ценни книжа | B41: 1-0042-1 | C41: 712
A42: облигации, в т.ч.: | B42: 1-0042-2 | E42: В. НЕТЕКУЩИ ПАСИВИ
A43: общински облигации | B43: 1-0042-3 | E43: I. Търговски и други задължения
A44: други инвестиции, държани до настъпване на падеж | B44: 1-0042-4 | E44: 1. Задължения към свързани предприятия | F44: 1-0511
A45: 3. Други | B45: 1-0042-5 | E45: 2.Задължения по получени заеми от банки и небанкови финансови институции | F45: 1-0512
A46: Общо за група VI: | B46: 1-0040 | C46: =C35+C40+C45 -> 8206 | D46: =D35+D40+D45 -> 7494 | E46: 3. Задължения по ЗУНК | F46: 1-0512-1
A47: VII. Търговски и други вземания | E47: 4. Задължения по получени търговски заеми | F47: 1-0514
A48: 1. Вземания от свързани предприятия | B48: 1-0044 | C48: 1432 | D48: 1429 | E48: 5. Задължения по облигационни заеми | F48: 1-0515
A49: 2. Вземания по търговски заеми | B49: 1-0045 | E49: 6. Други | F49: 1-0517
A50: 3. Вземания по финансов лизинг | B50: 1-0046-1 | E50: Общо за група I: | F50: 1-0510 | G50: =SUM(G44:G49) -> 0 | H50: =SUM(H44:H49) -> 0
A51: 4. Други | B51: 1-0046
A52: Общо за група VII: | B52: 1-0040-1 | C52: =SUM(C48:C51) -> 1432 | D52: =SUM(D48:D51) -> 1429 | E52: II. Други нетекущи пасиви | F52: 1-0510-1
E53: III. Приходи за бъдещи периоди | F53: 1-0520
A54: VIII. Разходи за бъдещи периоди | B54: 1-0060 | E54: IV. Пасиви по отсрочени данъци | F54: 1-0516
A55: IX. Активи по отсрочени данъци | B55: 1-0060-1 | E55: V.Финансирания | F55: 1-0520-1
A56: ОБЩО ЗА РАЗДЕЛ "А" (I+II+III+IV+V+VI+VII+VIII+IX): | B56: 1-0100 | C56: =C20+C21+C22+C28+C33+C46+C52+C54+C55 -> 9652 | D56: =D20+D21+D22+D28+D33+D46+D52+D54+D55 -> 8933 | E56: ОБЩО ЗА РАЗДЕЛ "В" (I+II+III+IV+V): | F56: 1-0500 | G56: =G50+G52+G53+G54+G55 -> 0 | H56: =H50+H52+H53+H54+H55 -> 0
A57: Б. ТЕКУЩИ АКТИВИ | E57: Г. ТЕКУЩИ ПАСИВИ
A58: I. Материални запаси | E58: I. Търговски и други задължения
A59: 1. Материали | B59: 1-0071 | E59: 1. Задължения по получени заеми към банки и небанкови финансови институции | F59: 1-0612
A60: 2. Продукция | B60: 1-0072 | E60: 2. Текуща част от нетекущите задължения | F60: 1-0510-2
A61: 3. Стоки | B61: 1-0073 | E61: 3. Текущи задължения, в т.ч.: | F61: 1-0630 | G61: =SUM(G62:G68) -> 58 | H61: =SUM(H62:H68) -> 46
A62: 4. Незавършено производство | B62: 1-0076 | E62: задължения към свързани предприятия | F62: 1-0611 | G62: 5 | H62: 4
A63: 5. Биологични активи | B63: 1-0074 | E63: задължения по получени търговски заеми | F63: 1-0614
A64: 6. Други | B64: 1-0077 | E64: задължения към доставчици и клиенти | F64: 1-0613 | H64: 3
A65: Общо за група I: | B65: 1-0070 | C65: =SUM(C59:C64) -> 0 | D65: =SUM(D59:D64) -> 0 | E65: получени аванси | F65: 1-0613-1
E66: задължения към персонала | F66: 1-0615 | G66: 41 | H66: 26
A67: II. Търговски и други вземания | E67: задължения към осигурителни предприятия | F67: 1-0616 | G67: 9 | H67: 9
A68: 1. Вземания от свързани предприятия | B68: 1-0081 | C68: 242 | D68: 232 | E68: данъчни задължения | F68: 1-0617 | G68: 3 | H68: 4
A69: 2. Вземания от клиенти и доставчици | B69: 1-0082 | E69: 4. Други | F69: 1-0618 | G69: 1438 | H69: 1124
A70: 3. Предоставени аванси | B70: 1-0086-1 | E70: 5. Провизии | F70: 1-0619 | G70: 20 | H70: 20
A71: 4. Вземания по предоставени търговски заеми | B71: 1-0083 | E71: Общо за група І: | F71: 1-0610 | G71: =G59+G60+G61+G69+G70 -> 1516 | H71: =H59+H60+H61+H69+H70 -> 1190
A72: 5. Съдебни и присъдени вземания | B72: 1-0084
A73: 6. Данъци за възстановяване | B73: 1-0085 | E73: II. Други текущи пасиви | F73: 1-0610-1
A74: 7. Вземания от персонала | B74: 1-0086-2
A75: 8. Други | B75: 1-0086 | C75: 66 | D75: 30 | E75: III. Приходи за бъдещи периоди | F75: 1-0700
A76: Общо за група II: | B76: 1-0080 | C76: =SUM(C68:C75) -> 308 | D76: =SUM(D68:D75) -> 262
E77: IV. Финансирания | F77: 1-0700-1
A78: III.Финансови активи
A79: 1. Финансови активи, държани за търгуване в т. ч. | B79: 1-0093 | C79: =SUM(C80:C82) -> 201 | D79: =SUM(D80:D82) -> 40 | E79: ОБЩО ЗА РАЗДЕЛ "Г" (I+II+III+IV): | F79: 1-0750 | G79: =G71+G73+G75+G77 -> 1516 | H79: =H71+H73+H75+H77 -> 1190
A80: дългови ценни книжа | B80: 1-0093-1
A81: дeривативи | B81: 1-0093-2
A82: други | B82: 1-0093-3 | C82: 201 | D82: 40
A83: 2. Финансови активи, обявени за продажба | B83: 1-0093-4
A84: 3. Други | B84: 1-0095
A85: Общо за група III: | B85: 1-0090 | C85: =C84+C83+C79 -> 201 | D85: =D84+D83+D79 -> 40
A87: IV. Парични средства и парични еквиваленти
A88: 1. Парични средства в брой | B88: 1-0151 | C88: 2
A89: 2. Парични средства в безсрочни депозити | B89: 1-0153 | C89: 6965 | D89: 6857
A90: 3. Блокирани парични средства | B90: 1-0155 | C90: 505 | D90: 266
A91: 4. Парични еквиваленти | B91: 1-0157
A92: Общо за група IV: | B92: 1-0150 | C92: =SUM(C88:C91) -> 7472 | D92: =SUM(D88:D91) -> 7123
A93: V. Разходи за бъдещи периоди | B93: 1-0160 | C93: 2 | D93: 6
A94: ОБЩО ЗА РАЗДЕЛ "Б"(I+II+III+IV+V) | B94: 1-0200 | C94: =C65+C76+C85+C92+C93 -> 7983 | D94: =D65+D76+D85+D92+D93 -> 7431
A95: ОБЩО АКТИВИ (А + Б): | B95: 1-0300 | C95: =C94+C56 -> 17635 | D95: =D94+D56 -> 16364 | E95: СОБСТВЕН КАПИТАЛ, МАЛЦИНСТВЕНО УЧАСТИЕ И ПАСИВИ (А+Б+В+Г): | F95: 1-0800 | G95: =G37+G40+G56+G79 -> 17635 | H95: =H37+H40+H56+H79 -> 16364
A98: Дата на съставяне: | B98: =pdeReportingDate -> 46323
A100: Съставител: | B100: =authorName -> Николай Георгиев Николов
A102: Представляващ/и:
B103: Профи' Т ООД чрез Димитър Тановски и Манг ООД чрез Милко Ангелов
B104: .........................
B105: .........................
B106: .........................

Sheet 2-Отчет за доходите
A1: ОТЧЕТ ЗА ДОХОДИТЕ
A2: =CONCATENATE("(",LOWER(reportConsolidation),")") -> (на индивидуална основа)
A4: =CONCATENATE("на ",UPPER(pdeName)) -> на ИНДУСТРИАЛЕН КАПИТАЛ - ХОЛДИНГ АД
A5: =CONCATENATE("ЕИК по БУЛСТАТ: ", pdeBulstat) -> ЕИК по БУЛСТАТ: 121619055
A6: =CONCATENATE("към ",TEXT(endDate,"dd.mm.yyyy")," г.") -> към 30.09.2026 г.
H7: (в хил.евро)
A8: РАЗХОДИ | B8: Код на реда | C8: Текущ период | D8: Предходен период | E8: ПРИХОДИ | F8: Код на реда | G8: Текущ период | H8: Предходен период
A9: а | B9: б | C9: 1 | D9: 2 | E9: а | F9: б | G9: 1 | H9: 2
A10: А. Разходи за дейността | E10: А. Приходи от дейността
A11: I. Разходи по икономически елементи | E11: I. Нетни приходи от продажби на:
A12: 1. Разходи за материали | B12: 2-1120 | C12: 3 | D12: 2 | E12: 1. Продукция | F12: 2-1551
A13: 2. Разходи за външни услуги | B13: 2-1130 | C13: 147 | D13: 128 | E13: 2. Стоки | F13: 2-1552
A14: 3. Разходи за амортизации | B14: 2-1160 | C14: 3 | D14: 3 | E14: 3. Услуги | F14: 2-1560
A15: 4. Разходи за възнаграждения | B15: 2-1140 | C15: 667 | D15: 599 | E15: 4. Други | F15: 2-1556
A16: 5. Разходи за осигуровки | B16: 2-1150 | C16: 40 | D16: 39 | E16: Общо за група I: | F16: 2-1610 | G16: =SUM(G12:G15) -> 0 | H16: =SUM(H12:H15) -> 0
A17: 6. Балансова стойност на продадени активи (без продукция) | B17: 2-1010
A18: 7. Изменение на запасите от продукция и незавършено производство | B18: 2-1030 | E18: II. Приходи от финансирания | F18: 2-1620
A19: 8. Други, в т.ч.: | B19: 2-1170 | C19: 21 | D19: 16 | E19: в т.ч. от правителството | F19: 2-1621
A20: обезценка на активи | B20: 2-1171
A21: провизии | B21: 2-1172 | E21: III. Финансови приходи
A22: Общо за група I: | B22: 2-1100 | C22: =SUM(C12:C18)+C19 -> 881 | D22: =SUM(D12:D18)+D19 -> 787 | E22: 1. Приходи от лихви | F22: 2-1710 | G22: 103 | H22: 114
E23: 2. Приходи от дивиденти | F23: 2-1721 | G23: 2370 | H23: 1781
A24: II. Финансови разходи | E24: 3. Положителни разлики от операции с финансови активи и инструменти | F24: 2-1730 | G24: 11
A25: 1. Разходи за лихви | B25: 2-1210 | E25: 4. Положителни разлики от промяна на валутни курсове | F25: 2-1740
A26: 2. Отрицателни разлики от операции с финансови активи и инструменти | B26: 2-1220 | C26: 1 | E26: 5. Други | F26: 2-1745 | G26: 175
A27: 3. Отрицателни разлики от промяна на валутни курсове | B27: 2-1230 | E27: Общо за група III: | F27: 2-1700 | G27: =SUM(G22:G26) -> 2659 | H27: =SUM(H22:H26) -> 1895
A28: 4. Други | B28: 2-1240 | C28: 3 | D28: 3
A29: Общо за група II: | B29: 2-1200 | C29: =SUM(C25:C28) -> 4 | D29: =SUM(D25:D28) -> 3
A31: Б. Общо разходи за дейността (I + II) | B31: 2-1300 | C31: =C29+C22 -> 885 | D31: =D29+D22 -> 790 | E31: Б. Общо приходи от дейността (I + II + III): | F31: 2-1600 | G31: =G16+G18+G27 -> 2659 | H31: =H16+H18+H27 -> 1895
A33: В. Печалба от дейността | B33: 2-1310 | C33: =IF((G31-C31)>0,G31-C31,0) -> 1774 | D33: =IF((H31-D31)>0,H31-D31,0) -> 1105 | E33: В. Загуба от дейността | F33: 2-1810 | G33: =IF((C31-G31)>0,C31-G31,0) -> 0 | H33: =IF((D31-H31)>0,D31-H31,0) -> 0
A34: III. Дял от печалбата на асоциирани и съвместни предприятия | B34: 2-1250-1 | E34: IV. Дял от загубата на асоциирани и съвместни предприятия | F34: 2-1810-1
A35: IV. Извънредни разходи | B35: 2-1250 | E35: V. Извънредни приходи | F35: 2-1750
A36: Г. Общо разходи (Б+ III +IV) | B36: 2-1350 | C36: =C31-C34+C35 -> 885 | D36: =D31-D34+D35 -> 790 | E36: Г. Общо приходи (Б + IV + V) | F36: 2-1800 | G36: =G35-G34+G31 -> 2659 | H36: =H35-H34+H31 -> 1895
A37: Д. Печалба преди облагане с данъци | B37: 2-1400 | C37: =IF((G36-C36)>0,G36-C36,0) -> 1774 | D37: =IF((H36-D36)>0,H36-D36,0) -> 1105 | E37: Д. Загуба преди облагане с данъци | F37: 2-1850 | G37: =IF((C36-G36)>0,C36-G36,0) -> 0 | H37: =IF((D36-H36)>0,D36-H36,0) -> 0
A38: V. Разходи за данъци | B38: 2-1450 | C38: =C39+C40+C41 -> 0 | D38: =D39+D40+D41 -> 0
A39: 1.Разходи за текущи корпоративни данъци върху печалбата | B39: 2-1451
A40: 2. Разход /(икономия) на отсрочени корпоративни данъци върху печалбата | B40: 2-1452
A41: 3. Други | B41: 2-1453
A42: E. Печалба след облагане с данъци (Д - V) | B42: 2-0454 | C42: =+IF((G36-C36-C38)>0,G36-C36-C38,0) -> 1774 | D42: =+IF((H36-D36-D38)>0,H36-D36-D38,0) -> 1105 | E42: E. Загуба след облагане с данъци (Д + V) | F42: 2-0455 | G42: =IF(G37>0,IF(C38+G37<0,0,C38+G37),IF(C37-C38<0,C38-C37,0)) -> 0 | H42: =IF(H37>0,IF(D38+H37<0,0,D38+H37),IF(D37-D38<0,D38-D37,0)) -> 0
A43: в т.ч. за малцинствено участие | B43: 2-0454-1 | E43: в т.ч. за малцинствено участие | F43: 2-0455-1
A44: Ж. Нетна печалба за периода | B44: 2-0454-2 | C44: =IF(G42=0,IF(C42-C43>0,C42-C43+G43,0),IF(G42-G43<0,G43-G42+C42,0)) -> 1774 | D44: =IF(H42=0,IF(D42-D43>0,D42-D43+H43,0),IF(H42-H43<0,H43-H42+D42,0)) -> 1105 | E44: Ж. Нетна загуба за периода | F44: 2-0455-2 | G44: =IF(C42=0,IF(G42-G43>0,G42-G43+C43,0),IF(C42-C43<0,C43-C42+G43,0)) -> 0 | H44: =IF(D42=0,IF(H42-H43>0,H42-H43+D43,0),IF(D42-D43<0,D43-D42+H43,0)) -> 0
A45: Всичко (Г+ V + Е): | B45: 2-1500 | C45: =C36+C38+C42 -> 2659 | D45: =D36+D38+D42 -> 1895 | E45: Всичко (Г + E): | F45: 2-1900 | G45: =G42+G36 -> 2659 | H45: =H42+H36 -> 1895
A47: Забележка: Справка № 2 - Отчет за доходите се изготвя само с натрупване.
A50: Дата на съставяне: | B50: =pdeReportingDate -> 46323
A52: Съставител: | B52: =authorName -> Николай Георгиев Николов
A54: Представляващ/и:
B55: Профи' Т ООД чрез Димитър Тановски и Манг ООД чрез Милко Ангелов
B56: .........................
B57: .........................
B58: .........................

Sheet 4-Отчет за собствения капитал
A1: ОТЧЕТ ЗА ИЗМЕНЕНИЯТА В СОБСТВЕНИЯ КАПИТАЛ
A2: =CONCATENATE("(",LOWER(reportConsolidation),")") -> (на индивидуална основа)
A4: =CONCATENATE("на ",UPPER(pdeName)) -> на ИНДУСТРИАЛЕН КАПИТАЛ - ХОЛДИНГ АД
A5: =CONCATENATE("ЕИК по БУЛСТАТ: ", pdeBulstat) -> ЕИК по БУЛСТАТ: 121619055
A6: =CONCATENATE("към ",TEXT(endDate,"dd.mm.yyyy")," г.") -> към 30.09.2026 г.
M7: (в хил.евро)
A8: ПОКАЗАТЕЛИ | B8: Код на реда | C8: Основен капитал | D8: Резерви | I8: Натрупани печалби/загуби | K8: Резерв от преводи | L8: Общо собствен капитал
D9: премии от емисия (премиен резерв) | E9: резерв от последващи оценки | F9: целеви резерви | I9: печалба | J9: загуба | M9: Малцинствено участие
F10: общи | G10: специали зирани | H10: други
A11: а | C11: 1 | D11: 2 | E11: 3 | F11: 4 | G11: 5 | H11: 6 | I11: 7 | J11: 8 | K11: 9 | L11: 10 | M11: 11
A12: Код на реда - б | C12: 1-0410 | D12: 1-0410 | E12: 1-0422 | F12: 1-0424 | G12: 1-0425 | H12: 1-0426 | I12: 1-0452 | J12: 1-0453 | K12: 4-0426-1 | L12: 1-0400 | M12: 1-0400-1
A13: Салдо в началото на отчетния период | B13: 4-01 | C13: ='1-Баланс'!H18 -> 8015 | D13: ='1-Баланс'!H20 -> 218 | E13: ='1-Баланс'!H21 -> -600 | F13: ='1-Баланс'!H23 -> 811 | G13: ='1-Баланс'!H24 -> 0 | I13: ='1-Баланс'!H29+'1-Баланс'!H32 -> 6735 | J13: ='1-Баланс'!H30+'1-Баланс'!H33 -> -5 | L13: =SUM(C13:K13) -> 15174 | M13: ='1-Баланс'!H40 -> 0
A14: Промени в началните салда поради: | B14: 4-15 | C14: =C15+C16 -> 0 | D14: =D15+D16 -> 0 | E14: =E15+E16 -> 0 | F14: =F15+F16 -> 0 | G14: =G15+G16 -> 0 | H14: =H15+H16 -> 0 | I14: =I15+I16 -> 0 | J14: =J15+J16 -> 0 | K14: =K15+K16 -> 0 | L14: =SUM(C14:K14) -> 0 | M14: =M15+M16 -> 0
A15: Ефект от промени в счетоводната политика | B15: 4-15-1 | L15: =SUM(C15:K15) -> 0
A16: Фундаментални грешки | B16: 4-15-2 | L16: =SUM(C16:K16) -> 0
A17: Коригирано салдо в началото на отчетния период | B17: 4-01-1 | C17: =C13+C14 -> 8015 | D17: =D13+D14 -> 218 | E17: =E13+E14 -> -600 | F17: =F13+F14 -> 811 | G17: =G13+G14 -> 0 | H17: =H13+H14 -> 0 | I17: =I13+I14 -> 6735 | J17: =J13+J14 -> -5 | K17: =K13+K14 -> 0 | L17: =SUM(C17:K17) -> 15174 | M17: =M13+M14 -> 0
A18: Нетна печалба/загуба за периода | B18: 4-05 | I18: =+'1-Баланс'!G32 -> 1774 | J18: =+'1-Баланс'!G33 -> 0 | L18: =SUM(C18:K18) -> 1774
A19: 1. Разпределение на печалбата за: | B19: 4-06 | C19: =C20+C21 -> 0 | D19: =D20+D21 -> 0 | E19: =E20+E21 -> 0 | F19: =F20+F21 -> 0 | G19: =G20+G21 -> 0 | H19: =H20+H21 -> 0 | I19: =I20+I21 -> -830 | J19: =J20+J21 -> 0 | K19: =K20+K21 -> 0 | L19: =SUM(C19:K19) -> -830 | M19: =M20+M21 -> 0
A20: дивиденти | B20: 4-07 | I20: -830 | L20: =SUM(C20:K20) -> -830
A21: други | B21: 4-07-1 | L21: =SUM(C21:K21) -> 0
A22: 2. Покриване на загуби | B22: 4-08 | L22: =SUM(C22:K22) -> 0
A23: 3. Последващи оценки на дълготрайни материални и нематериални активи, в т.ч. | B23: 4-09 | C23: =C24-C25 -> 0 | D23: =D24-D25 -> 0 | E23: =E24-E25 -> 0 | F23: =F24-F25 -> 0 | G23: =G24-G25 -> 0 | H23: =H24-H25 -> 0 | I23: =I24-I25 -> 0 | J23: =J24-J25 -> 0 | K23: =K24-K25 -> 0 | L23: =SUM(C23:K23) -> 0 | M23: =M24-M25 -> 0
A24: увеличения | B24: 4-10 | L24: =SUM(C24:K24) -> 0
A25: намаления | B25: 4-11 | L25: =SUM(C25:K25) -> 0
A26: 4. Последващи оценки на финансови активи и инструменти, в т.ч. | B26: 4-12 | C26: =C27-C28 -> 0 | D26: =D27-D28 -> 0 | E26: =E27-E28 -> 0 | F26: =F27-F28 -> 0 | G26: =G27-G28 -> 0 | H26: =H27-H28 -> 0 | I26: =I27-I28 -> 0 | J26: =J27-J28 -> 0 | K26: =K27-K28 -> 0 | L26: =SUM(C26:K26) -> 0 | M26: =M27-M28 -> 0
A27: увеличения | B27: 4-13 | L27: =SUM(C27:K27) -> 0
A28: намаления | B28: 4-14 | L28: =SUM(C28:K28) -> 0
A29: 5. Ефект от отсрочени данъци | B29: 4-16-1 | L29: =SUM(C29:K29) -> 0
A30: 6. Други изменения | B30: 4-16 | C30: -21 | I30: 22 | L30: =SUM(C30:K30) -> 1
A31: Салдо към края на отчетния период | B31: 4-17 | C31: =C19+C22+C23+C26+C30+C29+C17+C18 -> 7994 | D31: =D19+D22+D23+D26+D30+D29+D17+D18 -> 218 | E31: =E19+E22+E23+E26+E30+E29+E17+E18 -> -600 | F31: =F19+F22+F23+F26+F30+F29+F17+F18 -> 811 | G31: =G19+G22+G23+G26+G30+G29+G17+G18 -> 0 | H31: =H19+H22+H23+H26+H30+H29+H17+H18 -> 0 | I31: =I19+I22+I23+I26+I30+I29+I17+I18 -> 7701 | J31: =J19+J22+J23+J26+J30+J29+J17+J18 -> -5 | K31: =K19+K22+K23+K26+K30+K29+K17+K18 -> 0 | L31: =SUM(C31:K31) -> 16119 | M31: =M19+M22+M23+M26+M30+M29+M17+M18 -> 0
A32: 7. Промени от преводи на годишни финансови отчети на предприятия в чужбина | B32: 4-18 | L32: =SUM(C32:K32) -> 0
A33: 8. Промени от преизчисляване на финансови отчети при свръхинфлация | B33: 4-19 | L33: =SUM(C33:K33) -> 0
A34: Собствен капитал към края на отчетния период | B34: 4-20 | C34: =C31+C32+C33 -> 7994 | D34: =D31+D32+D33 -> 218 | E34: =E31+E32+E33 -> -600 | F34: =F31+F32+F33 -> 811 | G34: =G31+G32+G33 -> 0 | H34: =H31+H32+H33 -> 0 | I34: =I31+I32+I33 -> 7701 | J34: =J31+J32+J33 -> -5 | K34: =K31+K32+K33 -> 0 | L34: =SUM(C34:K34) -> 16119 | M34: =M31+M32+M33 -> 0
A36: Забележка: На ред "Салдо в началото на отчетния период" се посочва салдото, което е в края на предходната година.
A38: Дата на съставяне: | B38: =pdeReportingDate -> 46323
A40: Съставител: | B40: =authorName -> Николай Георгиев Николов
A42: Представляващ/и:
B43: Профи' Т ООД чрез Димитър Тановски и Манг ООД чрез Милко Ангелов
B44: .........................
B45: .........................
B46: .........................

Sheet 3-Отчет за паричния поток
A1: ОТЧЕТ ЗА ПАРИЧНИТЕ ПОТОЦИ ПО ПРЕКИЯ МЕТОД
A2: =CONCATENATE("(",LOWER(reportConsolidation),")") -> (на индивидуална основа)
A4: =CONCATENATE("на ",UPPER(pdeName)) -> на ИНДУСТРИАЛЕН КАПИТАЛ - ХОЛДИНГ АД
A5: =CONCATENATE("ЕИК по БУЛСТАТ: ", pdeBulstat) -> ЕИК по БУЛСТАТ: 121619055
A6: =CONCATENATE("към ",TEXT(endDate,"dd.mm.yyyy")," г.") -> към 30.09.2026 г.
D7: (в хил.евро)
A8: ПАРИЧНИ ПОТОЦИ | B8: Код на реда | C8: Текущ период | D8: Предходен период
A9: а | B9: б | C9: 1 | D9: 2
A10: А. Парични потоци от оперативна дейност
A11: 1. Постъпления от клиенти | B11: 3-2201
A12: 2. Плащания на доставчици | B12: 3-2201-1 | C12: -181 | D12: -153
A13: 3. Плащания/постъпления, свързани с финансови активи, държани с цел търговия | B13: 3-2202
A14: 4. Плащания, свързани с възнаграждения | B14: 3-2203 | C14: -710 | D14: -631
A15: 5. Платени /възстановени данъци (без корпоративен данък върху печалбата) | B15: 3-2206
A16: 6. Платени корпоративни данъци върху печалбата | B16: 3-2206-1
A17: 7. Получени лихви | B17: 3-2204
A18: 8. Платени банкови такси и лихви върху краткосрочни заеми за оборотни средства | B18: 3-2204-1
A19: 9. Курсови разлики | B19: 3-2205
A20: 10. Други постъпления /плащания от оперативна дейност | B20: 3-2208
A21: Нетен паричен поток от оперативна дейност (А): | B21: 3-2200 | C21: =SUM(C11:C20) -> -891 | D21: =SUM(D11:D20) -> -784
A22: Б. Парични потоци от инвестиционна дейност
A23: 1. Покупка на дълготрайни активи | B23: 3-2301
A24: 2. Постъпления от продажба на дълготрайни активи | B24: 3-2301-1
A25: 3. Предоставени заеми | B25: 3-2302 | C25: -105 | D25: -639
A26: 4. Възстановени (платени) предоставени заеми, в т.ч. по финансов лизинг | B26: 3-2302-1 | C26: 93 | D26: 60
A27: 5. Получени лихви по предоставени заеми | B27: 3-2302-2 | C27: 78 | D27: 46
A28: 6. Покупка на инвестиции | B28: 3-2302-3 | C28: =-875 -> -875
A29: 7. Постъпления от продажба на инвестиции | B29: 3-2302-4
A30: 8. Получени дивиденти от инвестиции | B30: 3-2303 | C30: 2370 | D30: 619
A31: 9. Курсови разлики | B31: 3-2305
A32: 10. Други постъпления/ плащания от инвестиционна дейност | B32: 3-2306
A33: Нетен поток от инвестиционна дейност (Б): | B33: 3-2300 | C33: =SUM(C23:C32) -> 1561 | D33: =SUM(D23:D32) -> 86
A34: В. Парични потоци от финансова дейност
A35: 1. Постъпления от емитиране на ценни книжа | B35: 3-2401
A36: 2. Плащания при обратно придобиване на ценни книжа | B36: 3-2401-1
A37: 3. Постъпления от заеми | B37: 3-2403
A38: 4. Платени заеми | B38: 3-2403-1
A39: 5. Платени задължения по лизингови договори | B39: 3-2405
A40: 6. Платени лихви, такси, комисиони по заеми с инвестиционно предназначение | B40: 3-2404
A41: 7 . Изплатени дивиденти | B41: 3-2404-1 | C41: -321 | D41: -474
A42: 8. Други постъпления/ плащания от финансова дейност | B42: 3-2407
A43: Нетен паричен поток от финансова дейност (В): | B43: 3-2400 | C43: =SUM(C35:C42) -> -321 | D43: =SUM(D35:D42) -> -474
A44: Г. Изменения на паричните средства през периода (А+Б+В): | B44: 3-2500 | C44: =C43+C33+C21 -> 349 | D44: =D43+D33+D21 -> -1172
A45: Д. Парични средства в началото на периода | B45: 3-2600 | C45: ='1-Баланс'!D92 -> 7123 | D45: 7574
A46: Е. Парични средства в края на периода, в т.ч.: | B46: 3-2700 | C46: =C45+C44 -> 7472 | D46: =D45+D44 -> 6402
A47: наличност в касата и по банкови сметки | B47: 3-2700-1 | C47: =C46-C48 -> 6967 | D47: =D46-D48 -> 5959
A48: блокирани парични средства | B48: 3-2700-2 | C48: ='1-Баланс'!C90 -> 505 | D48: 443
A50: Забележка:
A51: В клетката "Парични средства в началото на периода" се поставя стойността на на паричните средства в началото на съответната година.
A54: Дата на съставяне: | B54: =pdeReportingDate -> 46323
A56: Съставител: | B56: =authorName -> Николай Георгиев Николов
A58: Представляващ/и:
B59: Профи' Т ООД чрез Димитър Тановски и Манг ООД чрез Милко Ангелов
B60: .........................
B61: .........................
B62: .........................

Sheet Справка 5
A1: СПРАВКА ЗА ИНВЕСТИЦИИТЕ В ДЪЩЕРНИ, СМЕСЕНИ, АСОЦИИРАНИ И ДРУГИ ПРЕДПРИЯТИЯ
A3: =CONCATENATE("на ",UPPER(pdeName)) -> на ИНДУСТРИАЛЕН КАПИТАЛ - ХОЛДИНГ АД
A4: =CONCATENATE("ЕИК по БУЛСТАТ: ", pdeBulstat) -> ЕИК по БУЛСТАТ: 121619055
A5: =CONCATENATE("към ",TEXT(endDate,"dd.mm.yyyy")," г.") -> към 30.09.2026 г.
F7: (в хил.евро)
A8: Наименование и седалище на предприятията, в които са инвестициите | B8: Код на реда | C8: Размер на инвестицията | D8: Процент на инвестицията в капитала на другото предприятие | E8: Инвестиция в ценни книжа, приети за търговия на фондова борса | F8: Инвестиция в ценни книжа, неприети за търговия на фондова борса
A9: а | B9: б | C9: 1 | D9: 2 | E9: 3 | F9: 4
A10: А. В СТРАНАТА
A11: I. Инвестиции в дъщерни предприятия
A12: 1. Силома АД (гр. Силистра ) | C12: =3737/1.955837 -> 1910.6909 | D12: 92.07 | F12: =C12-E12 -> 1910.6909
A13: 2. Руболт АД (гр. Русе ) | C13: =58/1.95583 -> 29.654929 | D13: 50.1 | F13: =C13-E13 -> 29.654929
A14: 3 | F14: =C14-E14 -> 0
A15: 4 | F15: =C15-E15 -> 0
A16: 5 | F16: =C16-E16 -> 0
A17: 6 | F17: =C17-E17 -> 0
A18: 7 | F18: =C18-E18 -> 0
A19: 8 | F19: =C19-E19 -> 0
A20: 9 | F20: =C20-E20 -> 0
A21: 10 | F21: =C21-E21 -> 0
A22: 11 | F22: =C22-E22 -> 0
A23: 12 | F23: =C23-E23 -> 0
A24: 13 | F24: =C24-E24 -> 0
A25: 14 | F25: =C25-E25 -> 0
A26: 15 | F26: =C26-E26 -> 0
A27: Обща сума I: | B27: 8-4001 | C27: =SUM(C12:C26) -> 1940.3459 | E27: =SUM(E12:E26) -> 0 | F27: =SUM(F12:F26) -> 1940.3459
A28: II. Инвестиции в смесени предприятия
A29: 1 | F29: =C29-E29 -> 0
A30: 2 | F30: =C30-E30 -> 0
A31: 3 | F31: =C31-E31 -> 0
A32: 4 | F32: =C32-E32 -> 0
A33: 5 | F33: =C33-E33 -> 0
A34: 6 | F34: =C34-E34 -> 0
A35: 7 | F35: =C35-E35 -> 0
A36: 8 | F36: =C36-E36 -> 0
A37: 9 | F37: =C37-E37 -> 0
A38: 10 | F38: =C38-E38 -> 0
A39: 11 | F39: =C39-E39 -> 0
A40: 12 | F40: =C40-E40 -> 0
... A43: 15 | F43: =C43-E43 -> 0
A44: Обща сума II: | B44: 8-4006 | C44: =SUM(C29:C43) -> 0 | E44: =SUM(E29:E43) -> 0 | F44: =SUM(F29:F43) -> 0
A45: III. Инвестиции в асоциирани предприятия
A46: 1. ЗАИ АД (гр. Берковица ) | C46: =3231/1.95583 -> 1651.9841 | D46: 47.22 | F46: =C46-E46 -> 1651.9841
A47: 2. ЕМКА АД (гр. Севлиево ) | C47: =3680/1.95583 -> 1881.5541 | D47: 33.12 | E47: =C47 -> 1881.5541 | F47: =C47-E47 -> 0
A48: 3. М+С Хидравлик АД (гр. Казанлък ) | C48: =3612/1.95583 -> 1846.7863 | D48: 22.15 | E48: =C48 -> 1846.7863 | F48: =C48-E48 -> 0
A49: 4 | F49: =C49-E49 -> 0
A50: 5 | F50: =C50-E50 -> 0
A51: 6 | F51: =C51-E51 -> 0
A52: 7 | F52: =C52-E52 -> 0
A53: 8 | F53: =C53-E53 -> 0
A54: 9 | F54: =C54-E54 -> 0
A55: 10 | F55: =C55-E55 -> 0
A56: 11 | F56: =C56-E56 -> 0
A57: 12 | F57: =C57-E57 -> 0
A58: 13 | F58: =C58-E58 -> 0
A59: 14 | F59: =C59-E59 -> 0
A60: 15 | F60: =C60-E60 -> 0
A61: Обща сума III: | B61: 84011 | C61: =SUM(C46:C60) -> 5380.3245 | E61: =SUM(E46:E60) -> 3728.3404 | F61: =SUM(F46:F60) -> 1651.9841
A62: IV. Инвестиции в други предприятия
A63: 1. Корпорация за технологии и иновации АД | C63: =340/1.95583 -> 173.83924 | D63: 5.77 | E63: =C63 -> 173.83924 | F63: =C63-E63 -> 0
A64: 2. Монбат АД | C64: 8 | D64: 0.0002 | E64: =C64 -> 8 | F64: =C64-E64 -> 0
A65: 3. Първа инвестиционна банка АД | C65: 15 | D65: 0 | E65: =C65 -> 15 | F65: =C65-E65 -> 0
A66: 4. М+С Хидравлик АД | C66: 19 | D66: 0 | E66: =C66 -> 19 | F66: =C66-E66 -> 0
A67: 5. Химимпорт АД | C67: 10 | D67: 0 | E67: =C67 -> 10 | F67: =C67-E67 -> 0
A68: 6 | F68: =C68-E68 -> 0
A69: 7 | F69: =C69-E69 -> 0
A70: 8 | F70: =C70-E70 -> 0
A71: 9 | F71: =C71-E71 -> 0
A72: 10 | F72: =C72-E72 -> 0
A73: 11 | F73: =C73-E73 -> 0
A74: 12 | F74: =C74-E74 -> 0
A75: 13 | F75: =C75-E75 -> 0
A76: 14 | F76: =C76-E76 -> 0
A77: 15 | F77: =C77-E77 -> 0
A78: Обща сума IV: | B78: 8-4016 | C78: =SUM(C63:C77) -> 225.83924 | E78: =SUM(E63:E77) -> 225.83924 | F78: =SUM(F63:F77) -> 0
A79: Обща сума за страната (I+II+III+IV): | B79: 8-4025 | C79: =C78+C61+C44+C27 -> 7546.5096 | E79: =E78+E61+E44+E27 -> 3954.1796 | F79: =F78+F61+F44+F27 -> 3592.3299
A80: Б. В ЧУЖБИНА
A81: I. Инвестиции в дъщерни предприятия
A82: 1 | F82: =C82-E82 -> 0
A83: 2 | F83: =C83-E83 -> 0
A84: 3 | F84: =C84-E84 -> 0
A85: 4 | F85: =C85-E85 -> 0
A86: 5 | F86: =C86-E86 -> 0
A87: 6 | F87: =C87-E87 -> 0
A88: 7 | F88: =C88-E88 -> 0
A89: 8 | F89: =C89-E89 -> 0
A90: 9 | F90: =C90-E90 -> 0
A91: 10 | F91: =C91-E91 -> 0
A92: 11 | F92: =C92-E92 -> 0
A93: 12 | F93: =C93-E93 -> 0
... A96: 15 | F96: =C96-E96 -> 0
A97: Обща сума I: | B97: 8-4030 | C97: =SUM(C82:C96) -> 0 | E97: =SUM(E82:E96) -> 0 | F97: =SUM(F82:F96) -> 0
A98: II. Инвестиции в смесени предприятия
A99: 1 | F99: =C99-E99 -> 0
A100: 2 | F100: =C100-E100 -> 0
A101: 3 | F101: =C101-E101 -> 0
A102: 4 | F102: =C102-E102 -> 0
A103: 5 | F103: =C103-E103 -> 0
A104: 6 | F104: =C104-E104 -> 0
A105: 7 | F105: =C105-E105 -> 0
A106: 8 | F106: =C106-E106 -> 0
...

Sheet Контроли
A1: ФОРМАЛЕН КОНТРОЛ
A2: =CONCATENATE("на информацията, въведена в справките на ",UPPER(pdeName)) -> на информацията, въведена в справките на ИНДУСТРИАЛЕН КАПИТАЛ - ХОЛДИНГ АД
A3: =CONCATENATE("за периода от ",TEXT(startDate,"dd.mm.yyyy г.")," до ",TEXT(endDate,"dd.mm.yyyy г.")) -> за периода от 01.01.2026 г. до 30.09.2026 г.
A5: Справка 1 | B5: Показател 1 | C5: Стойност 1 | D5: РАЗЛИКА | E5: Стойност 2 | F5: Показател 2 | G5: Справка 2
A6: [1-Баланс] | B6: Общо активи | C6: ='1-Баланс'!C95 -> 17635 | D6: =C6-E6 -> 0 | E6: ='1-Баланс'!G95 -> 17635 | F6: Собствен капитал и пасиви | G6: [1-Баланс]
A7: [1-Баланс] | B7: Собствен капитал | C7: ='1-Баланс'!G37 -> 16119 | D7: =C7-E7 -> 8125 | E7: ='1-Баланс'!G18 -> 7994 | F7: Основен капитал | G7: [1-Баланс]
A8: [1-Баланс] | B8: Текуща печалба/загуба | C8: =ABS('1-Баланс'!G32)-ABS('1-Баланс'!G33) -> 1774 | D8: =C8-E8 -> 0 | E8: =ABS('2-Отчет за доходите'!C44)-ABS('2-Отчет за доходите'!G44) -> 1774 | F8: Нетна печалба/загуба за периода | G8: [2-ОД]
A9: [1-Баланс] | B9: Парични средства (предходен период) | C9: ='1-Баланс'!D92 -> 7123 | D9: =C9-E9 -> 0 | E9: ='3-Отчет за паричния поток'!C45 -> 7123 | F9: Парични средства в началото на периода | G9: [3-ОПП]
A10: [1-Баланс] | B10: Парични средства (текущ период) | C10: ='1-Баланс'!C92 -> 7472 | D10: =C10-E10 -> 0 | E10: ='3-Отчет за паричния поток'!C46 -> 7472 | F10: Парични средства в края на периода | G10: [3-ОПП]
A11: [1-Баланс] | B11: Собствен капитал | C11: ='1-Баланс'!G37 -> 16119 | D11: =C11-E11 -> 0 | E11: ='4-Отчет за собствения капитал'!L34 -> 16119 | F11: Собствен капитал към края на отчетния период | G11: [4-ОСК]
A12: [1-Баланс] | B12: Нетекущи инвестиции в дъщерни предприятия | C12: ='1-Баланс'!C36 -> 1940 | D12: =C12-E12 -> -0.34585069 | E12: ='Справка 5'!C27+'Справка 5'!C97 -> 1940.3459 | F12: Инвестиции в дъщерни предприятия | G12: [Справка 5]
A13: [1-Баланс] | B13: Нетекущи инвестиции в смесени предприятия | C13: ='1-Баланс'!C37 -> 0 | D13: =C13-E13 -> 0 | E13: ='Справка 5'!C44+'Справка 5'!C114 -> 0 | F13: Инвестиции в смесени предприятия | G13: [Справка 5]
A14: [1-Баланс] | B14: Нетекущи инвестиции в асоциирани предприятия | C14: ='1-Баланс'!C38 -> 5380 | D14: =C14-E14 -> -0.32446583 | E14: ='Справка 5'!C61+'Справка 5'!C131 -> 5380.3245 | F14: Инвестиции в асоциирани предприятия | G14: [Справка 5]
A15: [1-Баланс] | B15: Нетекущи инвестиции в други предприятия | C15: ='1-Баланс'!C39 -> 174 | D15: =C15-E15 -> -51.83924 | E15: ='Справка 5'!C148+'Справка 5'!C78 -> 225.83924 | F15: Инвестиции в други предприятия | G15: [Справка 5]

Sheet Показатели
A1: # | B1: Показател | C1: Коефициент | D1: Стойност
A2: Показатели за рентабилност
A3: 1 | B3: Рентабилност на приходите от продажби | C3: Финансов резултат / Нетни приходи от продажби | D3: =(ABS('1-Баланс'!G32)-ABS('1-Баланс'!G33))/'2-Отчет за доходите'!G16 -> #DIV/0!
A4: 2 | B4: Рентабилност на собствения капитал (ROE) | C4: Финансов резултат / Собствен капитал | D4: =(ABS('1-Баланс'!G32)-ABS('1-Баланс'!G33))/'1-Баланс'!G37 -> 0.11005646
A5: 3 | B5: Рентабилност на пасивите | C5: Финансов резултат / Пасиви | D5: =(ABS('1-Баланс'!G32)-ABS('1-Баланс'!G33))/('1-Баланс'!G56+'1-Баланс'!G79) -> 1.1701847
A6: 4 | B6: Рентабилност на активите (ROA) | C6: Финансов резултат / Активи | D6: =(ABS('1-Баланс'!G32)-ABS('1-Баланс'!G33))/('1-Баланс'!C95) -> 0.10059541
A7: Показатели за ефективност
A8: 5 | B8: Ефективност на разходите | C8: Приходи / Разходи | D8: ='2-Отчет за доходите'!G36/'2-Отчет за доходите'!C36 -> 3.0045198
A9: Показатели за ликвидност
A10: 6 | B10: Обща ликвидност | C10: Текущи активи / Текущи пасиви | D10: ='1-Баланс'!C94/'1-Баланс'!G79 -> 5.2658311
A11: 7 | B11: Бърза ликвидност | C11: (Краткосрочни вземания + Краткосрочни инвестиции + Парични средства) / Текущи пасиви | D11: =('1-Баланс'!C76+'1-Баланс'!C85+'1-Баланс'!C92)/'1-Баланс'!G79 -> 5.2645119
A12: 8 | B12: Незабавна ликвидност | C12: (Краткосрочни инвестиции + Парични средства) / Текущи пасиви | D12: =('1-Баланс'!C85+'1-Баланс'!C92)/'1-Баланс'!G79 -> 5.0613456
A13: 9 | B13: Абсолютна ликвидност | C13: Парични средства / Текущи пасиви | D13: ='1-Баланс'!C92/'1-Баланс'!G79 -> 4.9287599
A14: Обръщаемост на активите
A15: 10 | B15: Обръщаемост на материалните активи | C15: Нетни приходи от продажби / Материални активи | D15: ='2-Отчет за доходите'!G16/('1-Баланс'!C20+'1-Баланс'!C21+'1-Баланс'!C22+'1-Баланс'!C28+'1-Баланс'!C65) -> 0
A16: 11 | B16: Обръщаемост на активите | C16: Нетни приходи от продажби / Общи активи | D16: ='2-Отчет за доходите'!G16/('1-Баланс'!C95) -> 0
A17: Финансов ливъридж (Задлъжнялост)
A18: 12 | B18: Капиталова структура | C18: Дългосрочен дълг / Сума на дългосрочното финансиране | D18: ='1-Баланс'!G56/('1-Баланс'!G37+'1-Баланс'!G56) -> 0
A19: 13 | B19: Дълг / Собствен капитал | C19: Текущи пасиви + Нетекущи пасиви / Собствен капитал | D19: =D4/D5 -> 0.094050499
A20: 14 | B20: Дълг / Активи | C20: Текущи пасиви + Нетекущи пасиви / Активи | D20: =D6/D5 -> 0.08596541
A21: 15 | B21: Оперативна печалба (EBIT) | C21: Печалба преди данъци + Р-ди за лихви | D21: ='2-Отчет за доходите'!C37+'2-Отчет за доходите'!C25 -> 1774
A22: 16 | B22: Възвръщаемост на собствения капитал чрез оперативната печалба (ROE using EBIT) | C22: Оперативна печалба / Собствен капитал | D22: =D21/'1-Баланс'!G37 -> 0.11005646
A23: 17 | B23: EBITDA margin | C23: Оперативна печалба + Амортизации / Приходи от дейността | D23: =(D21+'2-Отчет за доходите'!C14)/'2-Отчет за доходите'!G31 -> 0.66829635
A24: 18 | B24: Дълг / EBITDA | C24: Текущи пасиви + Нетекущи пасиви / EBITDA | D24: =('1-Баланс'!G56+'1-Баланс'!G79)/(D21+'2-Отчет за доходите'!C14) -> 0.85312324

Sheet Danni
A1: Наименование | B1: ЕИК | C1: Дата | D1: Код на ред | E1: Код на колона | F1: Индикатор | G1: Подиндикатор | H1: Сума | N1: На консолидирана основа
F2: Баланс
A3: =pdeName -> Индустриален капитал - Холдинг АД | B3: =pdeBulstat -> 121619055 | C3: =endDate -> 46295 | D3: 1-0011 | E3: 1 | F3: 1. Земи (терени ) | G3: Активи | H3: ='1-Баланс'!C12 -> 0
A4: =pdeName -> Индустриален капитал - Холдинг АД | B4: =pdeBulstat -> 121619055 | C4: =endDate -> 46295 | D4: 1-0012 | E4: 1 | F4: 2. Сгради и конструкции | G4: Активи | H4: ='1-Баланс'!C13 -> 0
A5: =pdeName -> Индустриален капитал - Холдинг АД | B5: =pdeBulstat -> 121619055 | C5: =endDate -> 46295 | D5: 1-0013 | E5: 1 | F5: 3. Машини и оборудване | G5: Активи | H5: ='1-Баланс'!C14 -> 0
A6: =pdeName -> Индустриален капитал - Холдинг АД | B6: =pdeBulstat -> 121619055 | C6: =endDate -> 46295 | D6: 1-0014 | E6: 1 | F6: 4. Съоръжения | G6: Активи | H6: ='1-Баланс'!C15 -> 0
A7: =pdeName -> Индустриален капитал - Холдинг АД | B7: =pdeBulstat -> 121619055 | C7: =endDate -> 46295 | D7: 1-0015 | E7: 1 | F7: 5. Транспортни средства | G7: Активи | H7: ='1-Баланс'!C16 -> 0
A8: =pdeName -> Индустриален капитал - Холдинг АД | B8: =pdeBulstat -> 121619055 | C8: =endDate -> 46295 | D8: 1-0017-1 | E8: 1 | F8: 6. Стопански инвентар | G8: Активи | H8: ='1-Баланс'!C17 -> 0
A9: =pdeName -> Индустриален капитал - Холдинг АД | B9: =pdeBulstat -> 121619055 | C9: =endDate -> 46295 | D9: 1-0018 | E9: 1 | F9: 7. Разходи за придобиване и ликвидация на дълготрайни материални активи | G9: Активи | H9: ='1-Баланс'!C18 -> 0
A10: =pdeName -> Индустриален капитал - Холдинг АД | B10: =pdeBulstat -> 121619055 | C10: =endDate -> 46295 | D10: 1-0017 | E10: 1 | F10: 8. Други | G10: Активи | H10: ='1-Баланс'!C19 -> 14
A11: =pdeName -> Индустриален капитал - Холдинг АД | B11: =pdeBulstat -> 121619055 | C11: =endDate -> 46295 | D11: 1-0010 | E11: 1 | F11: I. Имоти, машини, съоръжения и оборудване | G11: Активи | H11: ='1-Баланс'!C20 -> 14
A12: =pdeName -> Индустриален капитал - Холдинг АД | B12: =pdeBulstat -> 121619055 | C12: =endDate -> 46295 | D12: 1-0041 | E12: 1 | F12: II. Инвестиционни имоти | G12: Активи | H12: ='1-Баланс'!C21 -> 0
A13: =pdeName -> Индустриален капитал - Холдинг АД | B13: =pdeBulstat -> 121619055 | C13: =endDate -> 46295 | D13: 1-0016 | E13: 1 | F13: III. Биологични активи | G13: Активи | H13: ='1-Баланс'!C22 -> 0
A14: =pdeName -> Индустриален капитал - Холдинг АД | B14: =pdeBulstat -> 121619055 | C14: =endDate -> 46295 | D14: 1-0021 | E14: 1 | F14: 1. Права върху собственост | G14: Активи | H14: ='1-Баланс'!C24 -> 0
A15: =pdeName -> Индустриален капитал - Холдинг АД | B15: =pdeBulstat -> 121619055 | C15: =endDate -> 46295 | D15: 1-0022 | E15: 1 | F15: 2. Програмни продукти | G15: Активи | H15: ='1-Баланс'!C25 -> 0
A16: =pdeName -> Индустриален капитал - Холдинг АД | B16: =pdeBulstat -> 121619055 | C16: =endDate -> 46295 | D16: 1-0023 | E16: 1 | F16: 3. Продукти от развойна дейност | G16: Активи | H16: ='1-Баланс'!C26 -> 0
A17: =pdeName -> Индустриален капитал - Холдинг АД | B17: =pdeBulstat -> 121619055 | C17: =endDate -> 46295 | D17: 1-0024 | E17: 1 | F17: 4. Други | G17: Активи | H17: ='1-Баланс'!C27 -> 0
A18: =pdeName -> Индустриален капитал - Холдинг АД | B18: =pdeBulstat -> 121619055 | C18: =endDate -> 46295 | D18: 1-0020 | E18: 1 | F18: IV. Нематериални активи | G18: Активи | H18: ='1-Баланс'!C28 -> 0
A19: =pdeName -> Индустриален капитал - Холдинг АД | B19: =pdeBulstat -> 121619055 | C19: =endDate -> 46295 | D19: 1-0051 | E19: 1 | F19: 1. Положителна репутация | G19: Активи | H19: ='1-Баланс'!C31 -> 0
A20: =pdeName -> Индустриален капитал - Холдинг АД | B20: =pdeBulstat -> 121619055 | C20: =endDate -> 46295 | D20: 1-0052 | E20: 1 | F20: 2. Отрицателна репутация | G20: Активи | H20: ='1-Баланс'!C32 -> 0
A21: =pdeName -> Индустриален капитал - Холдинг АД | B21: =pdeBulstat -> 121619055 | C21: =endDate -> 46295 | D21: 1-0050 | E21: 1 | F21: V. Търговска репутация | G21: Активи | H21: ='1-Баланс'!C33 -> 0
A22: =pdeName -> Индустриален капитал - Холдинг АД | B22: =pdeBulstat -> 121619055 | C22: =endDate -> 46295 | D22: 1-0031 | E22: 1 | F22: 1. Инвестиции в: | G22: Активи | H22: ='1-Баланс'!C35 -> 7494
A23: =pdeName -> Индустриален капитал - Холдинг АД | B23: =pdeBulstat -> 121619055 | C23: =endDate -> 46295 | D23: 1-0032 | E23: 1 | F23: дъщерни предприятия | G23: Активи | H23: ='1-Баланс'!C36 -> 1940
A24: =pdeName -> Индустриален капитал - Холдинг АД | B24: =pdeBulstat -> 121619055 | C24: =endDate -> 46295 | D24: 1-0033 | E24: 1 | F24: смесени предприятия | G24: Активи | H24: ='1-Баланс'!C37 -> 0
A25: =pdeName -> Индустриален капитал - Холдинг АД | B25: =pdeBulstat -> 121619055 | C25: =endDate -> 46295 | D25: 1-0034 | E25: 1 | F25: асоциирани предприятия | G25: Активи | H25: ='1-Баланс'!C38 -> 5380
A26: =pdeName -> Индустриален капитал - Холдинг АД | B26: =pdeBulstat -> 121619055 | C26: =endDate -> 46295 | D26: 1-0035 | E26: 1 | F26: други предприятия | G26: Активи | H26: ='1-Баланс'!C39 -> 174
A27: =pdeName -> Индустриален капитал - Холдинг АД | B27: =pdeBulstat -> 121619055 | C27: =endDate -> 46295 | D27: 1-0042 | E27: 1 | F27: 2. Държани до настъпване на падеж | G27: Активи | H27: ='1-Баланс'!C40 -> 712
A28: =pdeName -> Индустриален капитал - Холдинг АД | B28: =pdeBulstat -> 121619055 | C28: =endDate -> 46295 | D28: 1-0042-1 | E28: 1 | F28: държавни ценни книжа | G28: Активи | H28: ='1-Баланс'!C41 -> 712
A29: =pdeName -> Индустриален капитал - Холдинг АД | B29: =pdeBulstat -> 121619055 | C29: =endDate -> 46295 | D29: 1-0042-2 | E29: 1 | F29: облигации, в т.ч.: | G29: Активи | H29: ='1-Баланс'!C42 -> 0
A30: =pdeName -> Индустриален капитал - Холдинг АД | B30: =pdeBulstat -> 121619055 | C30: =endDate -> 46295 | D30: 1-0042-3 | E30: 1 | F30: общински облигации | G30: Активи | H30: ='1-Баланс'!C43 -> 0
A31: =pdeName -> Индустриален капитал - Холдинг АД | B31: =pdeBulstat -> 121619055 | C31: =endDate -> 46295 | D31: 1-0042-4 | E31: 1 | F31: други инвестиции, държани до настъпване на падеж | G31: Активи | H31: ='1-Баланс'!C44 -> 0
A32: =pdeName -> Индустриален капитал - Холдинг АД | B32: =pdeBulstat -> 121619055 | C32: =endDate -> 46295 | D32: 1-0042-5 | E32: 1 | F32: 3. Други | G32: Активи | H32: ='1-Баланс'!C45 -> 0
A33: =pdeName -> Индустриален капитал - Холдинг АД | B33: =pdeBulstat -> 121619055 | C33: =endDate -> 46295 | D33: 1-0040 | E33: 1 | F33: Общо за група VI: | G33: Активи | H33: ='1-Баланс'!C46 -> 8206
A34: =pdeName -> Индустриален капитал - Холдинг АД | B34: =pdeBulstat -> 121619055 | C34: =endDate -> 46295 | D34: 1-0044 | E34: 1 | F34: 1. Вземания от свързани предприятия | G34: Активи | H34: ='1-Баланс'!C48 -> 1432
A35: =pdeName -> Индустриален капитал - Холдинг АД | B35: =pdeBulstat -> 121619055 | C35: =endDate -> 46295 | D35: 1-0045 | E35: 1 | F35: 2. Вземания по търговски заеми | G35: Активи | H35: ='1-Баланс'!C49 -> 0
A36: =pdeName -> Индустриален капитал - Холдинг АД | B36: =pdeBulstat -> 121619055 | C36: =endDate -> 46295 | D36: 1-0046-1 | E36: 1 | F36: 3. Вземания по финансов лизинг | G36: Активи | H36: ='1-Баланс'!C50 -> 0
A37: =pdeName -> Индустриален капитал - Холдинг АД | B37: =pdeBulstat -> 121619055 | C37: =endDate -> 46295 | D37: 1-0046 | E37: 1 | F37: 4. Други | G37: Активи | H37: ='1-Баланс'!C51 -> 0
A38: =pdeName -> Индустриален капитал - Холдинг АД | B38: =pdeBulstat -> 121619055 | C38: =endDate -> 46295 | D38: 1-0040-1 | E38: 1 | F38: VI. Финансови активи | G38: Активи | H38: ='1-Баланс'!C52 -> 1432
A39: =pdeName -> Индустриален капитал - Холдинг АД | B39: =pdeBulstat -> 121619055 | C39: =endDate -> 46295 | D39: 1-0060 | E39: 1 | F39: VIII. Разходи за бъдещи периоди | G39: Активи | H39: ='1-Баланс'!C54 -> 0
A40: =pdeName -> Индустриален капитал - Холдинг АД | B40: =pdeBulstat -> 121619055 | C40: =endDate -> 46295 | D40: 1-0060-1 | E40: 1 | F40: IX. Активи по отсрочени данъци | G40: Активи | H40: ='1-Баланс'!C55 -> 0
A41: =pdeName -> Индустриален капитал - Холдинг АД | B41: =pdeBulstat -> 121619055 | C41: =endDate -> 46295 | D41: 1-0100 | E41: 1 | F41: А. НЕТЕКУЩИ АКТИВИ | G41: Активи | H41: ='1-Баланс'!C56 -> 9652
A42: =pdeName -> Индустриален капитал - Холдинг АД | B42: =pdeBulstat -> 121619055 | C42: =endDate -> 46295 | D42: 1-0071 | E42: 1 | F42: 1. Материали | G42: Активи | H42: ='1-Баланс'!C59 -> 0
A43: =pdeName -> Индустриален капитал - Холдинг АД | B43: =pdeBulstat -> 121619055 | C43: =endDate -> 46295 | D43: 1-0072 | E43: 1 | F43: 2. Продукция | G43: Активи | H43: ='1-Баланс'!C60 -> 0
A44: =pdeName -> Индустриален капитал - Холдинг АД | B44: =pdeBulstat -> 121619055 | C44: =endDate -> 46295 | D44: 1-0073 | E44: 1 | F44: 3. Стоки | G44: Активи | H44: ='1-Баланс'!C61 -> 0
A45: =pdeName -> Индустриален капитал - Холдинг АД | B45: =pdeBulstat -> 121619055 | C45: =endDate -> 46295 | D45: 1-0076 | E45: 1 | F45: 4. Незавършено производство | G45: Активи | H45: ='1-Баланс'!C62 -> 0
A46: =pdeName -> Индустриален капитал - Холдинг АД | B46: =pdeBulstat -> 121619055 | C46: =endDate -> 46295 | D46: 1-0074 | E46: 1 | F46: 5. Биологични активи | G46: Активи | H46: ='1-Баланс'!C63 -> 0
A47: =pdeName -> Индустриален капитал - Холдинг АД | B47: =pdeBulstat -> 121619055 | C47: =endDate -> 46295 | D47: 1-0077 | E47: 1 | F47: 6. Други | G47: Активи | H47: ='1-Баланс'!C64 -> 0
A48: =pdeName -> Индустриален капитал - Холдинг АД | B48: =pdeBulstat -> 121619055 | C48: =endDate -> 46295 | D48: 1-0070 | E48: 1 | F48: I. Материални запаси | G48: Активи | H48: ='1-Баланс'!C65 -> 0
A49: =pdeName -> Индустриален капитал - Холдинг АД | B49: =pdeBulstat -> 121619055 | C49: =endDate -> 46295 | D49: 1-0081 | E49: 1 | F49: 1. Вземания от свързани предприятия | G49: Активи | H49: ='1-Баланс'!C68 -> 242
A50: =pdeName -> Индустриален капитал - Холдинг АД | B50: =pdeBulstat -> 121619055 | C50: =endDate -> 46295 | D50: 1-0082 | E50: 1 | F50: 2. Вземания от клиенти и доставчици | G50: Активи | H50: ='1-Баланс'!C69 -> 0
A51: =pdeName -> Индустриален капитал - Холдинг АД | B51: =pdeBulstat -> 121619055 | C51: =endDate -> 46295 | D51: 1-0086-1 | E51: 1 | F51: 3. Предоставени аванси | G51: Активи | H51: ='1-Баланс'!C70 -> 0
A52: =pdeName -> Индустриален капитал - Холдинг АД | B52: =pdeBulstat -> 121619055 | C52: =endDate -> 46295 | D52: 1-0083 | E52: 1 | F52: 4. Вземания по предоставени търговски заеми | G52: Активи | H52: ='1-Баланс'!C71 -> 0
A53: =pdeName -> Индустриален капитал - Холдинг АД | B53: =pdeBulstat -> 121619055 | C53: =endDate -> 46295 | D53: 1-0084 | E53: 1 | F53: 5. Съдебни и присъдени вземания | G53: Активи | H53: ='1-Баланс'!C72 -> 0
A54: =pdeName -> Индустриален капитал - Холдинг АД | B54: =pdeBulstat -> 121619055 | C54: =endDate -> 46295 | D54: 1-0085 | E54: 1 | F54: 6. Данъци за възстановяване | G54: Активи | H54: ='1-Баланс'!C73 -> 0
A55: =pdeName -> Индустриален капитал - Холдинг АД | B55: =pdeBulstat -> 121619055 | C55: =endDate -> 46295 | D55: 1-0086-2 | E55: 1 | F55: 7. Вземания от персонала | G55: Активи | H55: ='1-Баланс'!C74 -> 0
A56: =pdeName -> Индустриален капитал - Холдинг АД | B56: =pdeBulstat -> 121619055 | C56: =endDate -> 46295 | D56: 1-0086 | E56: 1 | F56: 8. Други | G56: Активи | H56: ='1-Баланс'!C75 -> 66
A57: =pdeName -> Индустриален капитал - Холдинг АД | B57: =pdeBulstat -> 121619055 | C57: =endDate -> 46295 | D57: 1-0080 | E57: 1 | F57: II. Търговски и други вземания | G57: Активи | H57: ='1-Баланс'!C76 -> 308
A58: =pdeName -> Индустриален капитал - Холдинг АД | B58: =pdeBulstat -> 121619055 | C58: =endDate -> 46295 | D58: 1-0093 | E58: 1 | F58: 1. Финансови активи, държани за търгуване в т. ч. | G58: Активи | H58: ='1-Баланс'!C79 -> 201
A59: =pdeName -> Индустриален капитал - Холдинг АД | B59: =pdeBulstat -> 121619055 | C59: =endDate -> 46295 | D59: 1-0093-1 | E59: 1 | F59: дългови ценни книжа | G59: Активи | H59: ='1-Баланс'!C80 -> 0
A60: =pdeName -> Индустриален капитал - Холдинг АД | B60: =pdeBulstat -> 121619055 | C60: =endDate -> 46295 | D60: 1-0093-2 | E60: 1 | F60: дeривативи | G60: Активи | H60: ='1-Баланс'!C81 -> 0
A61: =pdeName -> Индустриален капитал - Холдинг АД | B61: =pdeBulstat -> 121619055 | C61: =endDate -> 46295 | D61: 1-0093-3 | E61: 1 | F61: други | G61: Активи | H61: ='1-Баланс'!C82 -> 201
A62: =pdeName -> Индустриален капитал - Холдинг АД | B62: =pdeBulstat -> 121619055 | C62: =endDate -> 46295 | D62: 1-0093-4 | E62: 1 | F62: 2. Финансови активи, обявени за продажба | G62: Активи | H62: ='1-Баланс'!C83 -> 0
A63: =pdeName -> Индустриален капитал - Холдинг АД | B63: =pdeBulstat -> 121619055 | C63: =endDate -> 46295 | D63: 1-0095 | E63: 1 | F63: 3. Други | G63: Активи | H63: ='1-Баланс'!C84 -> 0
A64: =pdeName -> Индустриален капитал - Холдинг АД | B64: =pdeBulstat -> 121619055 | C64: =endDate -> 46295 | D64: 1-0090 | E64: 1 | F64: III.Финансови активи | G64: Активи | H64: ='1-Баланс'!C85 -> 201
A65: =pdeName -> Индустриален капитал - Холдинг АД | B65: =pdeBulstat -> 121619055 | C65: =endDate -> 46295 | D65: 1-0151 | E65: 1 | F65: 1. Парични средства в брой | G65: Активи | H65: ='1-Баланс'!C88 -> 2
A66: =pdeName -> Индустриален капитал - Холдинг АД | B66: =pdeBulstat -> 121619055 | C66: =endDate -> 46295 | D66: 1-0153 | E66: 1 | F66: 2. Парични средства в безсрочни депозити | G66: Активи | H66: ='1-Баланс'!C89 -> 6965
A67: =pdeName -> Индустриален капитал - Холдинг АД | B67: =pdeBulstat -> 121619055 | C67: =endDate -> 46295 | D67: 1-0155 | E67: 1 | F67: 3. Блокирани парични средства | G67: Активи | H67: ='1-Баланс'!C90 -> 505
A68: =pdeName -> Индустриален капитал - Холдинг АД | B68: =pdeBulstat -> 121619055 | C68: =endDate -> 46295 | D68: 1-0157 | E68: 1 | F68: 4. Парични еквиваленти | G68: Активи | H68: ='1-Баланс'!C91 -> 0
A69: =pdeName -> Индустриален капитал - Холдинг АД | B69: =pdeBulstat -> 121619055 | C69: =endDate -> 46295 | D69: 1-0150 | E69: 1 | F69: IV. Парични средства и парични еквиваленти | G69: Активи | H69: ='1-Баланс'!C92 -> 7472
A70: =pdeName -> Индустриален капитал - Холдинг АД | B70: =pdeBulstat -> 121619055 | C70: =endDate -> 46295 | D70: 1-0160 | E70: 1 | F70: V. Разходи за бъдещи периоди | G70: Активи | H70: ='1-Баланс'!C93 -> 2
A71: =pdeName -> Индустриален капитал - Холдинг АД | B71: =pdeBulstat -> 121619055 | C71: =endDate -> 46295 | D71: 1-0200 | E71: 1 | F71: Б. ТЕКУЩИ АКТИВИ | G71: Активи | H71: ='1-Баланс'!C94 -> 7983
A72: =pdeName -> Индустриален капитал - Холдинг АД | B72: =pdeBulstat -> 121619055 | C72: =endDate -> 46295 | D72: 1-0300 | E72: 1 | F72: ОБЩО АКТИВИ (А + Б): | G72: Активи | H72: ='1-Баланс'!C95 -> 17635
A73: =pdeName -> Индустриален капитал - Холдинг АД | B73: =pdeBulstat -> 121619055 | C73: =endDate -> 46295 | D73: 1-0411 | E73: 1 | F73: Записан и внесен капитал т.ч.: | G73: Пасиви | H73: ='1-Баланс'!G12 -> 8091
A74: =pdeName -> Индустриален капитал - Холдинг АД | B74: =pdeBulstat -> 121619055 | C74: =endDate -> 46295 | D74: 1-0411-1 | E74: 1 | F74: обикновени акции | G74: Пасиви | H74: ='1-Баланс'!G13 -> 0
A75: =pdeName -> Индустриален капитал - Холдинг АД | B75: =pdeBulstat -> 121619055 | C75: =endDate -> 46295 | D75: 1-0411-2 | E75: 1 | F75: привилегировани акции | G75: Пасиви | H75: ='1-Баланс'!G14 -> 0
A76: =pdeName -> Индустриален капитал - Холдинг АД | B76: =pdeBulstat -> 121619055 | C76: =endDate -> 46295 | D76: 1-0417 | E76: 1 | F76: Изкупени собствени обикновени акции | G76: Пасиви | H76: ='1-Баланс'!G15 -> -97
A77: =pdeName -> Индустриален капитал - Холдинг АД | B77: =pdeBulstat -> 121619055 | C77: =endDate -> 46295 | D77: 1-0417-1 | E77: 1 | F77: Изкупени собствени привилегировани акции | G77: Пасиви | H77: ='1-Баланс'!G16 -> 0
A78: =pdeName -> Индустриален капитал - Холдинг АД | B78: =pdeBulstat -> 121619055 | C78: =endDate -> 46295 | D78: 1-0416 | E78: 1 | F78: Невнесен капитал | G78: Пасиви | H78: ='1-Баланс'!G17 -> 0
A79: =pdeName -> Индустриален капитал - Холдинг АД | B79: =pdeBulstat -> 121619055 | C79: =endDate -> 46295 | D79: 1-0410 | E79: 1 | F79: I. Основен капитал | G79: Пасиви | H79: ='1-Баланс'!G18 -> 7994
A80: =pdeName -> Индустриален капитал - Холдинг АД | B80: =pdeBulstat -> 121619055 | C80: =endDate -> 46295 | D80: 1-0421 | E80: 1 | F80: 1. Премийни резерви при емитиране на ценни книжа | G80: Пасиви | H80: ='1-Баланс'!G20 -> 218
A81: =pdeName -> Индустриален капитал - Холдинг АД | B81: =pdeBulstat -> 121619055 | C81: =endDate -> 46295 | D81: 1-0422 | E81: 1 | F81: 2. Резерв от последващи оценки на активите и пасивите | G81: Пасиви | H81: ='1-Баланс'!G21 -> -600
A82: =pdeName -> Индустриален капитал - Холдинг АД | B82: =pdeBulstat -> 121619055 | C82: =endDate -> 46295 | D82: 1-0423 | E82: 1 | F82: 3. Целеви резерви, в т.ч.: | G82: Пасиви | H82: ='1-Баланс'!G22 -> 811
A83: =pdeName -> Индустриален капитал - Холдинг АД | B83: =pdeBulstat -> 121619055 | C83: =endDate -> 46295 | D83: 1-0424 | E83: 1 | F83: общи резерви | G83: Пасиви | H83: ='1-Баланс'!G23 -> 811
A84: =pdeName -> Индустриален капитал - Холдинг АД | B84: =pdeBulstat -> 121619055 | C84: =endDate -> 46295 | D84: 1-0425 | E84: 1 | F84: специализирани резерви | G84: Пасиви | H84: ='1-Баланс'!G24 -> 0
A85: =pdeName -> Индустриален капитал - Холдинг АД | B85: =pdeBulstat -> 121619055 | C85: =endDate -> 46295 | D85: 1-0426 | E85: 1 | F85: други резерви | G85: Пасиви | H85: ='1-Баланс'!G25 -> 0
A86: =pdeName -> Индустриален капитал - Холдинг АД | B86: =pdeBulstat -> 121619055 | C86: =endDate -> 46295 | D86: 1-0420 | E86: 1 | F86: II. Резерви | G86: Пасиви | H86: ='1-Баланс'!G26 -> 429
A87: =pdeName -> Индустриален капитал - Холдинг АД | B87: =pdeBulstat -> 121619055 | C87: =endDate -> 46295 | D87: 1-0451 | E87: 1 | F87: 1. Натрупана печалба (загуба) в т.ч.: | G87: Пасиви | H87: ='1-Баланс'!G28 -> 5922
A88: =pdeName -> Индустриален капитал - Холдинг АД | B88: =pdeBulstat -> 121619055 | C88: =endDate -> 46295 | D88: 1-0452 | E88: 1 | F88: неразпределена печалба | G88: Пасиви | H88: ='1-Баланс'!G29 -> 5927
A89: =pdeName -> Индустриален капитал - Холдинг АД | B89: =pdeBulstat -> 121619055 | C89: =endDate -> 46295 | D89: 1-0453 | E89: 1 | F89: непокрита загуба | G89: Пасиви | H89: ='1-Баланс'!G30 -> -5
A90: =pdeName -> Индустриален капитал - Холдинг АД | B90: =pdeBulstat -> 121619055 | C90: =endDate -> 46295 | D90: 1-0451-1 | E90: 1 | F90: еднократен ефект от промени в счетоводната политика | G90: Пасиви | H90: ='1-Баланс'!G31 -> 0
A91: =pdeName -> Индустриален капитал - Холдинг АД | B91: =pdeBulstat -> 121619055 | C91: =endDate -> 46295 | D91: 1-0454 | E91: 1 | F91: 2. Текуща печалба | G91: Пасиви | H91: ='1-Баланс'!G32 -> 1774
A92: =pdeName -> Индустриален капитал - Холдинг АД | B92: =pdeBulstat -> 121619055 | C92: =endDate -> 46295 | D92: 1-0455 | E92: 1 | F92: 3. Текуща загуба | G92: Пасиви | H92: ='1-Баланс'!G33 -> 0
A93: =pdeName -> Индустриален капитал - Холдинг АД | B93: =pdeBulstat -> 121619055 | C93: =endDate -> 46295 | D93: 1-0450 | E93: 1 | F93: III. Финансов резултат | G93: Пасиви | H93: ='1-Баланс'!G34 -> 7696
A94: =pdeName -> Индустриален капитал - Холдинг АД | B94: =pdeBulstat -> 121619055 | C94: =endDate -> 46295 | D94: 1-0400 | E94: 1 | F94: А. СОБСТВЕН КАПИТАЛ | G94: Пасиви | H94: ='1-Баланс'!G37 -> 16119
A95: =pdeName -> Индустриален капитал - Холдинг АД | B95: =pdeBulstat -> 121619055 | C95: =endDate -> 46295 | D95: 1-0400-1 | E95: 1 | F95: Б. МАЛЦИНСТВЕНО УЧАСТИЕ | G95: Пасиви | H95: ='1-Баланс'!G40 -> 0
A96: =pdeName -> Индустриален капитал - Холдинг АД | B96: =pdeBulstat -> 121619055 | C96: =endDate -> 46295 | D96: 1-0511 | E96: 1 | F96: 1. Задължения към свързани предприятия | G96: Пасиви | H96: ='1-Баланс'!G44 -> 0
A97: =pdeName -> Индустриален капитал - Холдинг АД | B97: =pdeBulstat -> 121619055 | C97: =endDate -> 46295 | D97: 1-0512 | E97: 1 | F97: 2.Задължения по получени заеми от банки и небанкови финансови институции | G97: Пасиви | H97: ='1-Баланс'!G45 -> 0
A98: =pdeName -> Индустриален капитал - Холдинг АД | B98: =pdeBulstat -> 121619055 | C98: =endDate -> 46295 | D98: 1-0512-1 | E98: 1 | F98: 3. Задължения по ЗУНК | G98: Пасиви | H98: ='1-Баланс'!G46 -> 0
A99: =pdeName -> Индустриален капитал - Холдинг АД | B99: =pdeBulstat -> 121619055 | C99: =endDate -> 46295 | D99: 1-0514 | E99: 1 | F99: 4. Задължения по получени търговски заеми | G99: Пасиви | H99: ='1-Баланс'!G47 -> 0
A100: =pdeName -> Индустриален капитал - Холдинг АД | B100: =pdeBulstat -> 121619055 | C100: =endDate -> 46295 | D100: 1-0515 | E100: 1 | F100: 5. Задължения по облигационни заеми | G100: Пасиви | H100: ='1-Баланс'!G48 -> 0
...

Sheet Nomenklaturi
A1: на консолидирана основа
A2: на индивидуална основа
A5: Публично дружество
A6: Емитент на облигации
A7: Публично дружество/Емитент на облигации
A8: АДСИЦ
A9: Лице по §1д от ЗППЦК
A11: Акции
A12: Облигации
A13: Други
